 Dungeon Crawl Stone Soup version 0.21-a0-440-g28109cb (webtiles) character file.

1694 AverageBear the Slicer (level 8, 0/45 HPs)
             Began as a Deep Elf Fighter on Nov 11, 2017.
             Slain by an orc warrior
             ... wielding a +0 trident
              (13 damage)
             ... on level 6 of the Dungeon.
             The game lasted 00:06:07 (5974 turns).

AverageBear the Slicer (Deep Elf Fighter)           Turns: 5974, Time: 00:06:08

Health: 0/45       AC:  9    Str: 19    XL:     8   Next: 72%
Magic:  10/10      EV: 14    Int: 14    God:
Gold:   333        SH:  4    Dex: 14    Spells: 4/7 levels left

rFire    . . .     SeeInvis .   s - +2 dagger (elec)
rCold    . . .     Gourm    .   n - +0 buckler
rNeg     . . .     Faith    .   b - +0 scale mail
rPois    .         Spirit   .   l - +2 helmet
rElec    .         Reflect  .   (no cloak)
rCorr    .         Harm     .   (no gloves)
MR       +....                  (no boots)
Stlth    ..........             o - amulet of rage
HPRegen  0.15/turn              g - ring of protection from magic
MPRegen  0.12/turn              u - +4 ring of strength

@: berserk cooldown, slowed, very slow
A: no striking features
a: Evoke Berserk Rage


You were on level 6 of the Dungeon.
You were near starving.

You visited 1 branch of the dungeon, and saw 6 of its levels.

You collected 333 gold pieces.

Inventory:

Hand Weapons
 a - a +1 rapier
 i - a +2 dagger of draining
 s - a +2 dagger of electrocution (weapon)
 A - a +2 dagger of speed
Armour
 b - a +0 scale mail (worn)
 c - a +0 shield
 l - a +2 helmet (worn)
 n - a +0 buckler (worn)
 r - a +0 buckler
Jewellery
 g - a ring of protection from magic (left hand)
 o - an amulet of rage (around neck)
 p - an uncursed amulet of magic regeneration
 u - a +4 ring of strength (right hand)
Wands
 t - a wand of iceblast (5/15)
 y - a wand of polymorph (11/24)
 E - a wand of flame (31/48)
 G - a wand of confusion (21/48)
Scrolls
 h - 2 scrolls of amnesia
 v - 5 scrolls of remove curse
 D - a scroll of magic mapping
Potions
 d - 3 potions of brilliance
 e - a potion of degeneration
 k - a potion of invisibility
 w - a potion of resistance
 x - a potion of lignification
 z - 3 potions of magic
 B - a potion of curing
Books
 C - a book of Maledictions

   Spells                             Type                      Level
   a - Corona                         Hexes                        1
   b - Ensorcelled Hibernation        Hexes/Ice                    2
   c - Confuse                        Hexes                        3
   d - Tukima's Dance                 Hexes                        3
   e - Dazzling Spray                 Conjuration/Hexes            3
Comestibles
 f - 5 bread rations
 j - a royal jelly
 m - 3 meat rations
 q - 2 fruits


   Skills:
 - Level 2.4 Fighting
 - Level 9.1 Short Blades
 - Level 2.4 Armour
 + Level 8.1 Dodging
 - Level 2.4 Shields


You had 4 spell levels left.
You knew the following spells:

 Your Spells              Type           Power        Failure   Level  Hunger
a - Confuse               Hex            #.......     97%         3    ####...


Dungeon Overview and Level Annotations

Branches:
Dungeon (6/15)
 Temple: D:4-7

Altars:
Dithmenos
Elyvilon
Gozag
Kikubaaqudgha
Makhleb
Nemelex Xobeh
Qazlal
Ru
Wu Jian


Message History

You hear some strange, mumbled words.
Something tries to affect you, but you resist.
You hit something. You barely miss something.
Something hits you but does no damage.
You closely miss something. Something hits you but does no damage.
You completely miss something. Something hits you. The wight barely misses you.
The orc warrior shouts!
You hit something but do no damage. Lightning courses through something!
You hear a shout!
You hear some strange, mumbled words.
A magic dart appears from out of thin air!
The magic dart hits you!
* * * LOW HITPOINT WARNING * * *
The wight misses you.
You hit something. Lightning courses through something!
Reactivating autopickup.
You feel a bit more experienced. The wight hits you but does no damage.
The wight barely misses you.
The orc warrior hits you from afar with a trident!
You die...

..###..##.# #........ #.
.........# #......<.
#...#.#)....###.......
#......†)†........#.#
.%...#)##..###.#.#.# #...
#.##..# #.#.#.# # #.#.##.o#
#.#.#.#
#..#..)##..###.#.#.###
........)z.@......#...#
....#...###.###.#.#...######
##. #.#.# #.###.............
# #.#.# #.#.........######
#.... ............# ###..
#.#.........# ...
............# ##
#.#.........# #.#.........#


You could see an orc warrior and a wight.

Vanquished Creatures
  Edmund (D:5)
  2 orc warriors (D:6)
  A phantom (D:4)
  2 ice beasts
  2 ogres
  The ghost of AverageBear the Cutter, an amateur DEFi (D:3)
  A bullfrog (D:6)
  4 scorpions
  A wight (D:6)
  A crimson imp (D:6)
  3 orc priests
  A bullfrog skeleton (D:4)
  4 orc wizards
  Jessica (D:3)
  2 worker ants
  Robin (D:3)
  11 adders
  2 oozes
  An adder skeleton (D:5)
  A worm (D:2)
  2 dart slugs
  3 leopard geckos
  12 orcs
  3 ball pythons
  5 giant cockroaches
  15 goblins
  7 hobgoblins
  9 jackals
  A quokka (D:3)
  7 bats
  A frilled lizard (D:2)
  3 kobolds
  7 rats
118 creatures vanquished.

Vanquished Creatures (others)
  A jackal (D:4)
  A plant (D:3)
2 creatures vanquished.

Grand Total: 120 creatures vanquished

Notes
Turn   | Place    | Note
-------+----------+-------------------------------------------
     0 | D:1      | AverageBear the Deep Elf Fighter began the quest for the Orb.
     0 | D:1      | Reached XP level 1. HP: 13/13 MP: 3/3
   125 | D:1      | Reached XP level 2. HP: 7/18 MP: 4/4
   383 | D:1      | Reached skill level 3 in Short Blades
  1226 | D:2      | Reached XP level 3. HP: 3/22 MP: 5/5
  1530 | D:2      | Found a sacrificial altar of Ru.
  1536 | D:2      | Reached skill level 4 in Short Blades
  1622 | D:2      | Reached XP level 4. HP: 27/27 MP: 6/6
  2010 | D:3      | Noticed AverageBear's ghost (amateur DEFi)
  2032 | D:3      | Found a burning altar of Makhleb.
  2037 | D:3      | Reached skill level 5 in Short Blades
  2058 | D:3      | Reached XP level 5. HP: 15/31 MP: 7/7
  2063 | D:3      | Killed AverageBear's ghost
  2097 | D:3      | Noticed Jessica
  2103 | D:3      | Killed Jessica
  2103 | D:3      | Reached skill level 6 in Short Blades
  2198 | D:3      | Found an ornate altar of the Wu Jian Council.
  2198 | D:3      | Found a stormy altar of Qazlal.
  2200 | D:3      | Found a shadowy altar of Dithmenos.
  2200 | D:3      | Found an ancient bone altar of Kikubaaqudgha.
  2205 | D:3      | Found an opulent altar of Gozag.
  2206 | D:3      | Found a white marble altar of Elyvilon.
  2267 | D:3      | Noticed Robin
  2296 | D:3      | Killed Robin
  2296 | D:3      | Reached XP level 6. HP: 12/36 MP: 8/8
  3257 | D:4      | Reached skill level 7 in Short Blades
  3527 | D:4      | Reached XP level 7. HP: 40/40 MP: 9/9
  3746 | D:4      | Found a sparkling altar of Nemelex Xobeh.
  3767 | D:4      | Reached skill level 8 in Short Blades
  4144 | D:5      | Entered Level 5 of the Dungeon
  4283 | D:5      | Learned a level 3 spell: Confuse
  4286 | D:5      | Reached skill level 9 in Short Blades
  4439 | D:5      | Noticed Edmund
  4466 | D:5      | Killed Edmund
  4487 | D:5      | Reached XP level 8. HP: 29/45 MP: 10/10
  5259 | D:6      | Found a stormy altar of Qazlal.
  5377 | D:6      | Reached skill level 5 in Dodging
  5974 | D:6      | Slain by an orc warrior

Vault maps used:
D:1:      dpeg_arrival_erosion
D:2:      nicolae_ru_great_annihilating_truth, first_bread
D:3:      grunt_temple_overflow_open, overflow_temple_1_default,
          serial_bayou_lagoon_a, uniq_jessica, uniq_robin
D:4:      nemelex_spade_bored_becter
D:5:      nicolae_underground_beach, uniq_edmund
D:6:      kennysheep_slug_shrine, grunt_qazlal_clouds

Skill      XL: |  1  2  3  4  5  6  7  8 |
---------------+-------------------------+-----
Short Blades   | 3 4 5 6 7 9 |  9.1
Dodging        | 3 8 |  8.1
Fighting       | |  2.4
Armour         | |  2.4
Shields        | |  2.4

Action                   |  1- 3 |  4- 6 |  7- 9 || total
-------------------------+-------+-------+-------++-------
Melee: Rapier            |    82 |       |       ||    82
       Dagger            |     9 |   129 |   182 ||   320
 Abil: Evoke Berserk Rag |       |       |     1 ||     1
  Use: Scroll            |     1 |     8 |     3 ||    12
       Potion            |       |     7 |       ||     7
 Stab: Paralysed         |     1 |       |       ||     1
  Eat: Chunk             |     2 |     5 |     8 ||    15
Armor: Scale mail        |    48 |    34 |    42 ||   124
Dodge: Dodged            |    18 |    37 |    58 ||   113
Block: Shield            |    50 |       |       ||    50
       Buckler           |       |    14 |    17 ||    31

Table legend:
 A = Spawn XP
 B = Non-spawn XP
 C = Spawn XP percentage of total XP
 D = Spawn monster count
 E = Non-spawn monster count
 F = Spawn count percentage of total count
 G = Total turns spent on level
                    A         B        C        D         E        F      G
               +---------+---------+-------+---------+---------+-------+---------
         Total |       0 |    2421 |   0.0 |       0 |     118 |   0.0 |  5974
               +---------+---------+-------+---------+---------+-------+---------
           D:1 |       0 |      31 |   0.0 |       0 |      18 |   0.0 |  1185
           D:2 |       0 |     117 |   0.0 |       0 |      11 |   0.0 |   783
           D:3 |       0 |     256 |   0.0 |       0 |      36 |   0.0 |   823
           D:4 |       0 |     548 |   0.0 |       0 |      18 |   0.0 |  1353
           D:5 |       0 |     673 |   0.0 |       0 |      17 |   0.0 |  1223
           D:6 |       0 |     796 |   0.0 |       0 |      18 |   0.0 |   607
               +---------+---------+-------+---------+---------+-------+---------
